 Dungeon Crawl Stone Soup version 0.29-a0-477-g62b78b4225 (webtiles) character file.

Game seed: 7571035569652660901

179 jimonade the Magician (level 5, -6/38 HPs)
             Began as a Djinni Fire Elementalist on May 24, 2022.
             Mangled by Edmund
             ... wielding a +3 flail of draining
              (8 damage)
             ... on level 4 of the Dungeon.
             The game lasted 00:06:31 (3801 turns).

jimonade the Magician (Djinni Fire Elementalist)    Turns: 3801, Time: 00:06:33

Health: -6/38      AC:  3    Str:  9    XL:     5   Next: 90%
Gold:   110        EV: 12    Int: 16    God:
                   SH:  0    Dex: 14

rFire   + + +      SeeInvis .   x - +8 hunting sling of Coeric {flame, Fly rF+}
rCold   x . .      Faith    .   (no shield)
rNeg    . . .      Spirit   .   r - +0 animal skin
rPois   ∞          Reflect  .   s - +0 helmet
rElec   .          Harm     .   (no cloak)
rCorr   .          Rampage  .   (no gloves)
Will    +....                   (boots unavailable)
Stlth   ++........              (no amulet)
HPRegen 0.12/turn               f - ring of willpower
MPRegen 0.00/turn               (no ring)

@: flying
A: sickness immunity, fire resistance 2, cold vulnerability 1, float, innate
caster, HP casting, extra vitality 1
a: no special abilities


You were on level 4 of the Dungeon.
You visited 1 branch of the dungeon, and saw 4 of its levels.

You collected 110 gold pieces.

Inventory:

Hand Weapons
 b - a +0 whip
 h - a +0 short sword
 p - a +2 dagger of freezing
 w - a +0 battleaxe
 x - the +8 hunting sling of Coeric (weapon) {flame, Fly rF+}
   (You took it off a hobgoblin on level 3 of the Dungeon)

   Any ammunition fired from it burns those it strikes, dealing additional fire
   damage.
   rF:        It protects you from fire.
   Fly:       It grants you flight.
 A - a +0 trident
 C - a +0 long sword
Missiles
 c - 47 stones
 g - 7 poisoned darts
 o - 4 silver boomerangs
Armour
 a - a +0 robe
 j - a +0 leather armour
 l - a +0 ring mail
 r - a +0 animal skin (worn)
 s - a +0 helmet (worn)
 y - a +0 plate armour
Jewellery
 f - a ring of willpower (left hand)
 t - a ring of fire
Scrolls
 d - a scroll of immolation {unknown}
 i - a scroll of identify {unknown}
 k - a scroll of vulnerability {unknown}
 m - a scroll of summoning {unknown}
 B - a scroll of torment {unknown}
Potions
 e - 2 potions of brilliance {unknown}
 n - a potion of curing {unknown}
 q - a potion of magic {unknown}
 u - 2 potions of degeneration {unknown}
 v - a potion of haste {unknown}
 z - a potion of attraction {unknown}
 D - a potion of mutation {unknown}


   Skills:
 * Level 2.1 Fighting
 + Level 0.4 Slings
 - Level 2.1 Dodging
 - Level 1.5 Stealth
 + Level 4.2 Spellcasting


You couldn't memorise any spells.
You knew the following spells:

 Your Spells              Type           Power      Damage    Failure   Level
a - Foxfire               Conj/Fire      68%        2x1d7     2%          1
b - Scorch                Fire           34%        2d7       4%          2
c - Conjure Flame         Conj/Fire      17%        6-21      9%          3
d - Inner Flame           Hex/Fire       17%        N/A       9%          3
e - Flame Wave            Conj/Fire      17%        2d6       28%         4
f - Apportation           Tloc           34%        N/A       2%          1
g - Static Discharge      Conj/Air       17%        N/A       4%          2
Your spell library was empty.

Dungeon Overview and Level Annotations

Branches:
Dungeon (4/15)
 Temple: D:4-7

Altars:
Ashenzari

Annotations:
D:2 1 runed translucent door, Crazy Yiuf
D:4 Edmund


Innate Abilities, Weirdness & Mutations

You are immune to sickness and miasma.
You are immune to poison.
Your flesh is very heat resistant. (rF++)
You are vulnerable to cold. (rC-)
You float through the air rather than walking.
You learn spells naturally, not from books.
Your magical power is your life essence.
You have superior vitality. (+4 MHP)


Message History

Edmund is lightly wounded.
The foxfire hits Edmund.
Edmund is moderately wounded.
The foxfire hits Edmund but does no damage.
Edmund is moderately wounded.
Casting: Foxfire (safe; 2% risk of failure)
Confirm with . or Enter, or press ? or * to list all spells.
Flames lash Edmund.
Edmund is moderately wounded.
Edmund's fire resistance burns away.
The foxfire hits Edmund but does no damage.
Edmund is moderately wounded.
The foxfire hits Edmund but does no damage.
Edmund is moderately wounded.
Casting: Scorch (safe; 4% risk of failure)
Confirm with . or Enter, or press ? or * to list all spells.
Flames lash Edmund.
Edmund is moderately wounded.
Edmund hits you with a +3 flail of draining!
Casting: Scorch (safe; 4% risk of failure)
Confirm with . or Enter, or press ? or * to list all spells.
Flames lash Edmund but do no damage.
Edmund barely misses you.
Casting: Scorch (safe; 4% risk of failure)
Confirm with . or Enter, or press ? or * to list all spells.
Flames lash Edmund but do no damage.
Edmund hits you with a +3 flail of draining!
* * * LOW HITPOINT WARNING * * *
Casting: Scorch (safe; 4% risk of failure)
Confirm with . or Enter, or press ? or * to list all spells.
Flames lash Edmund.
Edmund is burned terribly!
Edmund is heavily wounded.
* * * LOW HITPOINT WARNING * * *
Edmund barely misses you.
Casting: Scorch (safe; 4% risk of failure)
Confirm with . or Enter, or press ? or * to list all spells.
Flames lash Edmund.
Edmund is burned terribly!
Edmund is heavily wounded.
* * * LOW HITPOINT WARNING * * *
Edmund hits you with a +3 flail of draining!
You die...

#.# #..# ..# #.#
#..##..#
###.###.?.#..#
#.......#....#
#.......##...#
..###............#
#...........#....#
####....@..#....#
#...@...#....#
#.......##...#
#.......##...##
##########....##
###.†.# ##.<# ####


You could see Edmund (combustible).

Vanquished Creatures
  An iguana (D:4)
  Jessica (D:2)
  Robin (D:2)
  4 adders
  A worm (D:3)
  An orc (D:3)
  3 endoplasms
  4 giant cockroaches
  10 goblins
  10 hobgoblins
  3 jackals (D:3)
  9 kobolds
  5 quokkas
  A ball python (D:1)
  5 bats
  12 frilled lizards
  4 rats
75 creatures vanquished.

Vanquished Creatures (others)
  138 foxfires
138 creatures vanquished.

Grand Total: 213 creatures vanquished

Notes
Turn   | Place    | Note
-------+----------+-------------------------------------------
     0 | D:1      | jimonade the Djinni Fire Elementalist began the quest for
                  | the Orb.
     0 | D:1      | Reached XP level 1. HP: 15/15 MP: 0/0
   213 | D:1      | Reached XP level 2. HP: 20/22 MP: 0/0
   547 | D:1      | Reached skill level 3 in Spellcasting
   554 | D:1      | Reached XP level 3. HP: 14/26 MP: 0/0
   554 | D:1      | Learned a level 1 spell: Apportation
   770 | D:1      | Reached skill level 1 in Fighting
  1489 | D:2      | Noticed Jessica
  1506 | D:2      | Killed Jessica
  1507 | D:2      | Reached XP level 4. HP: 25/32 MP: 0/0
  1714 | D:2      | Found a broken altar of Ashenzari.
  1946 | D:2      | Found a runed translucent door.
  1947 | D:2      | Noticed Crazy Yiuf
  2018 | D:2      | Noticed Robin
  2031 | D:2      | Killed Robin
  2312 | D:2      | Reached XP level 5. HP: 35/38 MP: 0/0
  2312 | D:2      | Learned a level 2 spell: Static Discharge
  2560 | D:3      | Reached skill level 4 in Spellcasting
  2703 | D:3      | Identified the +8 hunting sling of Coeric {flame, Fly rF+}
  3786 | D:4      | Noticed Edmund
  3801 | D:4      | Mangled by Edmund

Illustrated notes

Levels and vault maps discovered:
D:1:      ebering_trefoil_3fold, layout_loops_ring, grunt_decor_clamped,
          minmay_domino_4
D:2:      wander_river, layout_loops_ring, basic_altar,
          amcnicky_mini_pool_small, minmay_stone_trees_small,
          uniq_crazy_yiuf_cottage, uniq_robin, uniq_jessica
D:3:      layout_loops_ring, roderic_roman_lattice
D:4:      layout_rooms, chequers_garden, uniq_edmund, uniq_blork_the_orc,
          uniq_duvessa

Skill      XL: |  1  2  3  4  5 |
---------------+----------------+-----
Spellcasting   | 3 4 |  4.2
Fighting       | 1 2 |  2.1
Slings         | |  0.4
Dodging        | |  2.1
Stealth        | |  1.5

Action                   |  1- 3 |  4- 6 || total
-------------------------+-------+-------++-------
 Fire: Hunting sling     |       |     1 ||     1
 Cast: Foxfire           |    31 |    53 ||    84
       Scorch            |    18 |    23 ||    41
Armor: Robe              |     1 |       ||     1
Dodge: Dodged            |    11 |     3 ||    14

Table legend: (Time is in decaauts)
 A = Elapsed time spent in this place.
 B = Non-inter-level travel time spent in this place.
 C = Inter-level travel time spent in this place.
 D = Time resting spent in this place.
 E = Time spent auto-exploring this place.
 F = Levels seen in this place.
 G = Mean time per level.
                   A        B        C        D        E       F      G
               +--------+--------+--------+--------+--------+-----+--------+
         Total |   3800 |   3712 |     88 |    758 |   2346 |   4 |  950.0 |
       Dungeon |   3800 |   3712 |     88 |    758 |   2346 |   4 |  950.0 |
               +--------+--------+--------+--------+--------+-----+--------+

Top non-repeatable levels by time:
     D:1: 1410 daAuts
     D:2: 1394 daAuts
     D:3: 924 daAuts
     D:4: 70 daAuts
